 Dungeon Crawl Stone Soup version 0.26.0-16-gc1dbca0489 (webtiles) character file.

Game seed: 12146047676630629386

1150 PentaManta the Slinger (level 8, -2/62 HPs)
             Began as a Minotaur Hunter on Jan 18, 2021.
             Slain by a troll (10 damage)
             ... on level 9 of the Dungeon.
             The game lasted 00:13:31 (5612 turns).

PentaManta the Slinger (Minotaur Hunter)            Turns: 5612, Time: 00:13:31

Health: -2/62      AC: 10    Str: 19      XL:     8   Next: 15%
Magic:  7/7        EV:  7    Int:  8      God:
Gold:   170        SH:  0    Dex: 10 (11) Spells: 7/7 levels left

rFire    . . .     SeeInvis +   y - +6 dagger (freeze)
rCold    + . .     Faith    .   (no shield)
rNeg     . . .     Spirit   .   w - +0 chain mail
rPois    .         Reflect  .   (helmet restricted)
rElec    .         Harm     .   p - +1 cloak
rCorr    .         Rampage  .   (no gloves)
Will     .....                  (no boots)
Stlth    ..........             (no amulet)
HPRegen  0.20/turn              i - ring of protection from cold
MPRegen  0.10/turn              m - ring of see invisible

@: no status effects
A: retaliatory headbutt, horns 2
a: no special abilities


You were on level 9 of the Dungeon.
You visited 1 branch of the dungeon, and saw 8 of its levels.
You also visited: Sewer.

You collected 170 gold pieces.

Inventory:

Hand Weapons
 a - a +1 hunting sling
 y - a +6 dagger of freezing (weapon)
Missiles
 f - 41 poisoned darts (quivered)
 k - 48 stones
Armour
 c - a +0 leather armour
 p - a +1 cloak (worn)
 s - a +0 ring mail
 w - a +0 chain mail (worn)
Jewellery
 i - a ring of protection from cold (left hand)
 l - the ring "Lyanunast" {*Tele +Fly rF+ Will+ Dex+2}
   (You found it on level 5 of the Dungeon)

   [ring of teleportation]

   It may teleport you next to monsters.
   It affects your dexterity (+2).
   It protects you from fire.
   It affects your willpower, your defense against some magical effects.
   It lets you fly.
 m - a ring of see invisible (right hand)
Scrolls
 b - 4 scrolls of teleportation
 d - a scroll of enchant armour
 e - a scroll of identify
 h - 3 scrolls of remove curse
Potions
 g - a potion of resistance
 j - 3 potions of curing
 n - a potion of heal wounds {unknown}
 o - 4 potions of flight
 r - a potion of magic
 v - a potion of brilliance {unknown}
 x - a potion of lignification {unknown}


   Skills:
 - Level 2.4 Fighting
 + Level 11.3 Slings
 - Level 2.1 Dodging
 - Level 0.7 Stealth


You had 7 spell levels left.
You didn't know any spells.
Your spell library contained the following spells:

 Spells                   Type           Power        Failure   Level
 Corpse Rot               Necr/Air       N/A          100%        2
 Sublimation of Blood     Necr           0%           100%        2
 Dispel Undead            Necr           0%           100%        4
 Agony                    Necr           0%           100%        5
 Excruciating Wounds      Necr           0%           100%        5


Dungeon Overview and Level Annotations

Branches:
Dungeon (10/15)             Sewer (visited)
 Temple: D:4-7         Lair: D:8-11         Orc: D:9-12

Altars:
Ashenzari
Yredelemnul


Innate Abilities, Weirdness & Mutations

You reflexively headbutt those who attack you in melee.
You have a pair of horns on your head.


Message History

The troll barely misses you. You furiously retaliate!
You headbutt the troll. The troll claws you but does no damage.
The troll claws you.
You hit the troll. You freeze the troll.
The troll is almost dead.
The troll bites you but does no damage. The troll claws you!
The troll barely misses you.
Your chain mail prevents you from hitting the troll.
Your headbutt misses the troll.
The troll is severely wounded.
The troll bites you! The troll completely misses you. The troll claws you.
* * * LOW HITPOINT WARNING * * *
You hit the troll. You freeze the troll.
The troll is almost dead.
The troll bites you!
* * * LOW HITPOINT WARNING * * *
The troll claws you but does no damage. x2
You closely miss the troll.
The troll is almost dead.
The troll closely misses you. The troll claws you!
You die...

....####..#....#......≈
#.(...#...............#
#..(.............#....#
#..........###...).....
...........#.#.........
.............$........
##..................
##.>....(.(........
#.@................
#...T.......[.........
#..............#......
#.(..#.........##.....
..................(....
#...(...##..............
.(.(.... ##.............
(.(.... .##. .(......
.#......


You could see a troll.

Vanquished Creatures
  A water moccasin (D:4)
  A phantom (D:9)
  2 ogres
  2 centaurs (D:5)
  A howler monkey (D:4)
  A centaur zombie (D:9)
  A hound (D:6)
  A jelly (D:9)
  An orc priest (D:5)
  An orc wizard (D:5)
  5 worker ants
  A merfolk siren (Sewer)
  A merfolk avatar (Sewer)
  A hound zombie (D:6)
  Robin (D:2)
  8 adders
  3 river rats (Sewer)
  2 white imps (D:9)
  A worm (D:5)
  2 dart slugs (D:2)
  7 leopard geckos
  9 orcs
  2 ball pythons (Sewer)
  4 giant cockroaches
  22 goblins
  10 hobgoblins
  4 jackals (D:1)
  4 quokkas
  A ball python skeleton (D:4)
  8 bats
  7 frilled lizards
  6 kobolds
  A leopard gecko skeleton (D:2)
  A quokka skeleton (D:4)
  30 rats
153 creatures vanquished.

Notes
Turn   | Place    | Note
-------+----------+-------------------------------------------
     0 | D:1      | PentaManta the Minotaur Hunter began the quest for the Orb.
     0 | D:1      | Reached XP level 1. HP: 18/18 MP: 0/0
   448 | D:1      | Reached XP level 2. HP: 25/25 MP: 1/1
   451 | D:1      | Reached skill level 5 in Slings
   886 | D:2      | Reached XP level 3. HP: 30/30 MP: 2/2
   891 | D:2      | Found a basalt altar of Yredelemnul.
   922 | D:2      | Found a broken altar of Ashenzari.
  1213 | D:2      | Reached skill level 6 in Slings
  1317 | D:2      | Reached XP level 4. HP: 37/37 MP: 3/3
  1435 | D:2      | Noticed Robin
  1651 | D:2      | Killed Robin
  1930 | D:3      | You fall into a shaft and drop 1 floor!
  1975 | D:4      | Reached skill level 7 in Slings
  1975 | D:4      | Reached XP level 5. HP: 6/42 MP: 4/4
  2411 | D:4      | Noticed an ogre
  2424 | D:4      | Killed an ogre
  2667 | D:4      | Reached skill level 8 in Slings
  2876 | D:4      | Reached XP level 6. HP: 48/50 MP: 5/5
  3213 | D:4      | Noticed a water moccasin
  3256 | D:4      | Killed a water moccasin
  3664 | D:5      | Entered Level 5 of the Dungeon
  3709 | D:5      | Reached skill level 9 in Slings
  3796 | D:5      | Found a glowing drain.
  3800 | Sewer    | Entered a sewer
  3921 | Sewer    | Reached XP level 7. HP: 56/56 MP: 6/6
  4684 | D:5      | Reached skill level 10 in Slings
  4776 | D:5      | Got a fine iron ring
  4777 | D:5      | Identified the ring "Lyanunast" {*Tele +Fly rF+ Will+
                  | Dex+2} (You found it on level 5 of the Dungeon)
  5243 | D:6      | You fall into a shaft and drop 3 floors!
  5259 | D:9      | Reached XP level 8. HP: 37/62 MP: 7/7
  5271 | D:9      | Reached skill level 11 in Slings
  5302 | D:10     | Entered Level 10 of the Dungeon
  5595 | D:9      | Noticed a troll
  5612 | D:9      | Slain by a troll

Illustrated notes

Levels and vault maps discovered:
D:1:      dpeg_arrival_rooms_a, layout_basic
D:2:      layout_rooms, general_overflow_altar, ashenzari_altar_1, uniq_robin
D:3:      layout_loops_cross, nzn_hepliaklqana_mist_gate,
          nicolae_overflow_hidden_temple, minmay_splitting_lines
D:4:      minmay_clustersquares, layout_loops_ring
D:5:      corexii_shack_village, layout_loops_ring, gup_sewer_entry_bowl
D:6:      wander_river, layout_cave_pools, serial_glass, glass_columns_a,
          glass_columns_a
D:9:      layout_cave_pools, fedhas_altar_4, lair_entry_dummy, serial_glass,
          glass_columns_a, glass_columns_c, grunt_decor_resistance,
          water_maze_lemuel
D:10:     layout_rooms, uniq_nergalle, uniq_urug, uniq_harold

Skill      XL: |  1  2  3  4  5  6  7  8 |
---------------+-------------------------+-----
Slings         | 5 6 7 8 9 10 11 | 11.3
Fighting       | |  2.4
Dodging        | |  2.1
Stealth        | |  0.7

Action                   |  1- 3 |  4- 6 |  7- 9 || total
-------------------------+-------+-------+-------++-------
Melee: Short sword       |       |    10 |       ||    10
       Headbutt          |       |     3 |     9 ||    12
       Dagger            |       |       |    95 ||    95
 Fire: Hunting sling     |   127 |   154 |   106 ||   387
Throw: Dart              |       |     5 |       ||     5
  Use: Scroll            |       |     2 |     9 ||    11
       Potion            |       |       |     2 ||     2
Armor: Leather armour    |     8 |     7 |       ||    15
       Chain mail        |       |    10 |    82 ||    92
Dodge: Dodged            |    34 |    36 |    59 ||   129
